 Dungeon Crawl Stone Soup version 0.25-a0-1133-g93ebf739aa (webtiles) character file.

Game seed: 10043072427095222946, levelgen mode: classic

109 Amnesiac the Twirler (level 4, -3/27 HPs)
             Began as a Deep Elf Gladiator on May 21, 2020.
             Slain by an iguana (8 damage)
             ... on level 3 of the Dungeon.
             The game lasted 00:03:09 (1869 turns).

Amnesiac the Twirler (Deep Elf Gladiator)           Turns: 1869, Time: 00:03:10

Health: -3/27      AC:  6    Str: 12    XL:     4   Next: 60%
Magic:  6/6        EV: 12    Int: 13    God:
Gold:   67         SH:  0    Dex: 16    Spells: 3/3 levels left

rFire    . . .     SeeInvis .   a - +0 quarterstaff
rCold    . . .     Gourm    .   (shield currently unavailable)
rNeg     . . .     Faith    .   k - +0 ring mail
rPois    .         Spirit   .   c - +0 helmet
rElec    .         Reflect  .   (no cloak)
rCorr    .         Harm     .   (no gloves)
MR       .....                  (no boots)
Stlth    +.........             (no amulet)
HPRegen  0.09/turn              (no ring)
MPRegen  0.10/turn              (no ring)

@: no status effects
A: no striking features
a: no special abilities


You were on level 3 of the Dungeon.
You were not hungry.

You visited 1 branch of the dungeon, and saw 3 of its levels.

You collected 67 gold pieces.

Inventory:

Hand Weapons
 a - a +0 quarterstaff (weapon)
 b - a +0 hunting sling
Missiles
 d - 2 throwing nets (quivered)
 h - 98 stones
 l - 25 sling bullets
 r - 64 arrows
Armour
 c - a +0 helmet (worn)
 k - a +0 ring mail (worn)
Scrolls
 e - a scroll of remove curse {!r}
 g - a scroll of identify {!r, unknown}
 i - a scroll of teleportation {!r}
 n - a scroll of fear {!r, unknown}
 p - a scroll of random uselessness {!r, unknown}
Potions
 j - a potion of curing {!q, unknown}
 m - 2 potions of stabbing {!q, unknown}
 o - 2 potions of brilliance {!q, unknown}
 s - a potion of haste {!q, unknown}
 t - a potion of flight {!q, unknown}
Comestibles
 f - 3 rations
 q - 2 chunks of flesh


   Skills:
 + Level 2.6 Fighting
 * Level 4.8 Staves
 - Level 2.0 Throwing
 - Level 3.6 Dodging


You had 3 spell levels left.
You didn't know any spells.
Your spell library was empty.

Dungeon Overview and Level Annotations

Branches:
Dungeon (3/15)

Altars:
Makhleb
Xom

Annotations:
D:1 Terence


Message History

The frilled lizard hisses angrily.
A frilled lizard is nearby!
A frilled lizard is nearby!
A frilled lizard is nearby!
Firing (i - inventory. (/) - cycle)
h - 100 stones (quivered)
Press: ? - help, Shift-Dir - straight line, f - frilled lizard
Aim: a frilled lizard You shoot a stone.
The stone hits the frilled lizard.
You kill the frilled lizard!
No target in view!
No target in view!
Found a stone staircase leading up.
h - 100 stones (gained 1)
There is a stone staircase leading up here.
An iguana and a kobold come into view.
The iguana hisses angrily.
The kobold shouts!
There are monsters nearby!
Firing (i - inventory. (/) - cycle)
h - 100 stones (quivered)
Press: ? - help, Shift-Dir - straight line, f - iguana
Aim: an iguana You shoot a stone.
The stone hits the iguana but does no damage.
Firing (i - inventory. (/) - cycle)
h - 99 stones (quivered)
Press: ? - help, Shift-Dir - straight line, f/p - iguana
Aim: an iguana You shoot a stone.
The stone hits the iguana but does no damage.
a - a +0 quarterstaff (weapon)
Okay, then.
You hit the iguana but do no damage.
The iguana bites you but does no damage.
You hit the iguana but do no damage. The iguana bites you.
You hit the iguana but do no damage. The iguana barely misses you.
You hit the iguana.
The iguana is lightly wounded.
The iguana barely misses you.
You hit the iguana.
The iguana is moderately wounded.
The iguana barely misses you.
You closely miss the iguana.
The iguana is moderately wounded.
The iguana bites you.
You closely miss the iguana.
The iguana is moderately wounded.
The iguana closely misses you.
You completely miss the iguana.
The iguana is moderately wounded.
The iguana bites you but does no damage.
The iguana bites you.
You barely miss the iguana.
The iguana is moderately wounded.
The iguana barely misses you.
You closely miss the iguana.
The iguana is moderately wounded.
The iguana barely misses you.
You hit the iguana.
The iguana is moderately wounded.
The iguana bites you!
* * * LOW HITPOINT WARNING * * *
An orc comes into view. It is wielding a +0 dagger.
The orc shouts!
Found 13 gold pieces.
The iguana bites you!
You die...

#.########........#### #.#
#........#### #.# #............
#.### #...÷.÷.##### #...##
#.......##### #.#..##
#.......#.... #.##..#
#.......#.... #.###.##
#.......#.... ######.###@.#
#.......#.... #....o.K.l..#
##.##...#####
#.####.###..####.##...#
#.####.#.#..##........#
#........#..##.....#.####
#.##+#K####.#.#...#.....#....#
..........##.#...<.###.###....###
#####.....K..###.#.#..........#..
#...#..........#.#.###....#.#


You could see an iguana, an orc and a kobold.

Vanquished Creatures
  A scorpion (D:2)
  3 worms (D:2)
  A dart slug (D:2)
  2 leopard geckos (D:1)
  5 bats
  2 giant cockroaches
  9 goblins
  3 hobgoblins
  4 jackals (D:1)
  A quokka (D:2)
  7 frilled lizards
  3 kobolds
  3 rats
44 creatures vanquished.

Notes
Turn   | Place    | Note
-------+----------+-------------------------------------------
     0 | D:1      | Amnesiac the Deep Elf Gladiator began the quest for the
                  | Orb.
     0 | D:1      | Reached XP level 1. HP: 12/12 MP: 3/3
    47 | D:1      | Reached XP level 2. HP: 4/17 MP: 4/4
   652 | D:2      | Noticed Terence
   676 | D:2      | Reached XP level 3. HP: 13/21 MP: 5/5
   812 | D:2      | Noticed a scorpion
   824 | D:2      | Killed a scorpion
   824 | D:2      | Reached skill level 4 in Staves
   824 | D:2      | Reached XP level 4. HP: 27/27 MP: 6/6
  1346 | D:2      | Found a shimmering altar of Xom.
  1346 | D:2      | Found a burning altar of Makhleb.
  1869 | D:3      | Slain by an iguana

Illustrated notes

Levels and vault maps discovered:
D:1:      lemuel_arrival_hallway, layout_basic, minivault_14
D:2:      layout_loops_corners, gammafunk_temple_overflow_wave, first_ration,
          uniq_terence
D:3:      minmay_chambers_of_twos, layout_basic

Skill      XL: |  1  2  3 |
---------------+----------+-----
Fighting       | 2 |  2.6
Staves         | 4 |  4.8
Throwing       | |  2.0
Dodging        | |  3.6

Action                   |  1- 3 |  4- 6 || total
-------------------------+-------+-------++-------
Melee: Quarterstaff      |    67 |    23 ||    90
 Fire: Hunting sling     |    17 |    60 ||    77
Throw: Throwing net      |     2 |       ||     2
  Use: Scroll            |       |     2 ||     2
 Stab: Held in net/web   |     1 |       ||     1
  Eat: Chunk             |       |     3 ||     3
Armor: Leather armour    |    17 |       ||    17
       Ring mail         |     3 |    10 ||    13
Dodge: Dodged            |    48 |    23 ||    71

Table legend:
 A = Non-vault XP
 B = Vault XP
 C = Vault XP percentage of total XP
 D = Non-vault monster count
 E = Vault monster count
 F = Vault count percentage of total count
                 A         B        C        D         E       F
            +---------+---------+-------+---------+---------+-------
      Total |     157 |       0 |   0.0 |      44 |       0 |   0.0
            +---------+---------+-------+---------+---------+-------
        D:1 |      36 |       0 |   0.0 |      18 |       0 |   0.0
        D:2 |     109 |       0 |   0.0 |      17 |       0 |   0.0
        D:3 |      12 |       0 |   0.0 |       9 |       0 |   0.0
            +---------+---------+-------+---------+---------+-------
